 Dungeon Crawl Stone Soup version 0.26.1-2-gb8aa6d0cf2 (webtiles) character file.

Game seed: 263552509121688321

756057 Amplified the Ninja (level 27, 0/192 HPs)
             Began as a Kobold Artificer on Feb 20, 2021.
             Was the Champion of Nemelex Xobeh.
             Slain by a Killer Klown
             ... wielding a +12 club of freezing
              (1 damage)
             ... on level 5 of the Realm of Zot on Feb 27, 2021.
             The game lasted 03:13:39 (87572 turns).

Amplified the Ninja (Kobold Artificer)             Turns: 87572, Time: 03:13:40

Health: 0/192      AC: 21    Str: 19    XL:     27
Magic:  40/40      EV: 17    Int: 12    God:    Nemelex Xobeh [******]
Gold:   3374       SH:  0    Dex: 26    Spells: 14/26 levels left

rFire    + . .     SeeInvis .   B - +9 eveningstar (vorpal)
rCold    + + +     Faith    .   J - +5 buckler of the Arcane {Will+}
rNeg     + + +     Spirit   .   d - +1 faerie dragon scales {rElec rCorr}
rPois    +         Reflect  .   c - +0 helmet of Vemegucepe {rF+ Dex+2 Slay+2}
rElec    +         Harm     .   y - +2 cloak {Will+}
rCorr    +         Rampage  .   X - +2 pair of gloves {Dex+3}
Will     +++++                  a - +2 pair of boots of the Armadillo {rN+ Will+ Regen+} Stlth **++++++++
                                p - amulet "Rusyonown" {*Drain rElec rN++ Regen+ Stlth+}
HPRegen  1.22/turn              D - ring of Plog {rPois rC+++ Int-2 Slay+3}
MPRegen  0.27/turn              b - ring of Equilibrium {+Fly rF+ Str+6}

@: silence (expiring), fire vulnerable, held, studying 2 skills
A: small, camouflage 1, clumsy 1, cold resistance 2, deformed body,
deterioration 1, high mp 1, nightstalker 3, MP-powered wands
}: 5/15 runes: decaying, serpentine, slimy, silver, abyssal
a: Renounce Religion, Evoke Flight


You were on level 5 of the Realm of Zot.
You worshipped Nemelex Xobeh.
Nemelex Xobeh was exalted by your worship.
You visited 11 branches of the dungeon, and saw 57 of its levels.
You visited the Abyss 1 time.
You visited 1 bazaar.
You visited 1 ziggurat, and saw 7 of its levels.
You also visited: Trove, Ossuary, Volcano and Wizlab.

You collected 9900 gold pieces.
You spent 6526 gold pieces at shops.

Inventory:

Hand Weapons
 f - a +9 sacred scourge of holy wrath
 B - a +9 vorpal eveningstar (weapon)
 S - the +18 lance "Wyrmbane" {slay drac, rPois rF+ rC+ AC+3}
   (You took it off a vault guard on level 5 of the Vaults)

   It affects your AC (+3).
   It protects you from fire.
   It protects you from cold.
   It protects you from poison.
Missiles
 E - 25 curare-tipped darts (quivered)
 K - 4 throwing nets
Armour
 a - the +2 pair of boots of the Armadillo (worn) {rN+ Will+ Regen+}
   (You bought it in a shop on level 7 of the Dungeon)

   It protects you from negative energy.
   It affects your willpower, your defense against some magical effects.
   It increases your rate of regeneration.
 c - the +0 helmet of Vemegucepe (worn) {rF+ Dex+2 Slay+2}
   (You found it on level 7 of the Dungeon)

   It affects your dexterity (+2).
   It affects your accuracy and damage with ranged weapons and melee attacks
   (+2).
   It protects you from fire.
 d - the +1 faerie dragon scales (worn) {rElec rCorr}
   (You took it off the Enchantress on level 5 of the Depths)

   It insulates you from electricity.
   It provides partial protection from all sources of acid and corrosion.
 j - the +9 chain mail of Duty {rPois MP+9 Int+3}
   (You found it on level 15 of the Dungeon)

   It affects your intelligence (+3).
   It protects you from poison.
   It affects your magic capacity (+9).
 o - the +8 plate armour of Dramatic Exits {rF+ Regen+ Str+4 Dex-2}
   (You bought it in a shop in a bazaar)

   It affects your strength (+4).
   It affects your dexterity (-2).
   It protects you from fire.
   It increases your rate of regeneration.
 q - the +1 chain mail of the World {+Inv rElec rF++ Int+2}
   (You bought it in a shop on level 2 of the Snake Pit)

   It affects your intelligence (+2).
   It greatly protects you from fire.
   It insulates you from electricity.
   It lets you turn invisible.
 y - a +2 cloak of willpower (worn)
 J - the +5 buckler of the Arcane (worn) {Will+}
   (You acquired it on level 6 of the Lair of Beasts)

   It affects your willpower, your defense against some magical effects.
 X - a +2 pair of gloves of dexterity (worn)
Jewellery
 b - the ring of Equilibrium (right hand) {+Fly rF+ Str+6}
   (You bought it in a shop on level 7 of the Dungeon)

   [ring of flight]

   It affects your strength (+6).
   It protects you from fire.
   It lets you fly.
 e - the ring "Yhewad" {rElec rC+ rN+ Str+3 Stlth+}
   (You found it on level 3 of the Elven Halls)

   [ring of stealth]

   It affects your strength (+3).
   It protects you from cold.
   It insulates you from electricity.
   It protects you from negative energy.
   It makes you more stealthy.
 h - the ring "Hociddos" {+Inv rF+ Int+2}
   (You took it off a guardian mummy on level 3 of the Crypt)

   [ring of protection from fire]

   It affects your intelligence (+2).
   It protects you from fire.
   It lets you turn invisible.
 p - the amulet "Rusyonown" (around neck) {*Drain rElec rN++ Regen+ Stlth+}
   (You took it off a royal mummy on level 3 of the Crypt)

   [amulet of regeneration]

   It insulates you from electricity.
   It greatly protects you from negative energy.
   It increases your rate of regeneration.
   It causes draining when unequipped.
   It makes you more stealthy.
 C - the ring of Qumin {rElec rC+ MP+9}
   (You took it off a deep elf annihilator on level 3 of the Elven Halls)

   [ring of magical power]

   It protects you from cold.
   It insulates you from electricity.
   It affects your magic capacity (+9).
 D - the ring of Plog (left hand) {rPois rC+++ Int-2 Slay+3}
   (You found it on level 3 of the Elven Halls)

   [ring of poison resistance]

   It affects your intelligence (-2).
   It affects your accuracy and damage with ranged weapons and melee attacks
   (+3).
   It renders you almost immune to cold.
   It protects you from poison.
 M - the ring of the Visionary {rN+ Will+ SInv}
   (You found it on level 3 of the Crypt)

   [ring of positive energy]

   It protects you from negative energy.
   It affects your willpower, your defense against some magical effects.
   It lets you see invisible.
 O - the ring "Ethacucy" {rF+ rN+ Int+4}
   (You found it on level 3 of the Crypt)

   [ring of positive energy]

   It affects your intelligence (+4).
   It protects you from fire.
   It protects you from negative energy.
Wands
 g - a wand of iceblast (55)
 u - a wand of acid (19)
 v - a wand of paralysis (15)
 U - a wand of disintegration (68)
Scrolls
 x - 9 scrolls of identify
 z - 8 scrolls of teleportation
 A - 2 scrolls of enchant armour
 F - a scroll of amnesia
 H - 15 scrolls of fog
 I - 33 scrolls of remove curse
 N - 2 scrolls of enchant weapon
 W - a scroll of silence
 Z - 7 scrolls of fear
Potions
 i - 8 potions of flight
 k - 8 potions of attraction
 l - 7 potions of cancellation
 n - a potion of curing
 r - 8 potions of brilliance
 s - 9 potions of magic
 t - 3 potions of mutation
 G - 2 potions of resistance
 P - 3 potions of ambrosia
Books
 w - a manual of Polearms
 Q - a manual of Crossbows
Miscellaneous
 R - a lightning rod (4/4)
 T - a phantom mirror


   Skills:
 - Level 24.8 Fighting
 - Level 15.1 Short Blades
 - Level 16.0 Maces & Flails
 - Level 12.6 Polearms
 - Level 15.9 Armour
 - Level 18.9 Dodging
 O Level 27 Stealth
 - Level 6.7 Shields
 * Level 15.1 Fire Magic
 - Level 13.0 Air Magic
 - Level 19.5 Invocations
 - Level 18.3 Evocations


You had 14 spell levels left.
You knew the following spells:

 Your Spells              Type           Power        Failure   Level
a - Passwall              Tmut/Erth      0%           52%         2
b - Mephitic Cloud        Conj/Pois/Air  10%          21%         3
c - Blink                 Tloc           N/A          52%         2
d - Silence               Hex/Air        7%           58%         5

Your spell library contained the following spells:

 Spells                   Type           Power        Failure   Level
 Foxfire                  Conj/Fire      72%          1%          1
 Swiftness                Air            31%          1%          2
 Airstrike                Air            15%          1%          4
 Shock                    Conj/Air       60%          2%          1
 Corpse Rot               Necr/Air       N/A          4%          2
 Poisonous Vapours        Pois/Air       30%          4%          2
 Conjure Flame            Conj/Fire      18%          5%          3
 Inner Flame              Hex/Fire       18%          5%          3
 Static Discharge         Conj/Air       15%          9%          3
 Ignite Poison            Fire/Tmut/Pois 12%          16%         3
 Sticky Flame             Conj/Fire      18%          19%         4
 Summon Lightning Spire   Summ/Air       15%          26%         4
 Animate Skeleton         Necr           0%           36%         1
 Apportation              Tloc           0%           36%         1
 Beastly Appendage        Tmut           0%           36%         1
 Corona                   Hex            0%           36%         1
 Freeze                   Ice            0%           36%         1
 Magic Dart               Conj           0%           36%         1
 Pain                     Necr           0%           36%         1
 Sandblast                Erth           0%           36%         1
 Summon Small Mammal      Summ           0%           36%         1
 Fireball                 Conj/Fire      9%           45%         5
 Call Imp                 Summ           0%           52%         2
 Ensorcelled Hibernation  Hex/Ice        0%           52%         2
 Searing Ray              Conj           0%           52%         2
 Slow                     Hex            0%           52%         2
 Sublimation of Blood     Necr           0%           52%         2
 Wereblood                Tmut           0%           52%         2
 Lightning Bolt           Conj/Air       7%           58%         5
 Call Canine Familiar     Summ           0%           75%         3
 Confusing Touch          Hex            0%           75%         3
 Dazzling Flash           Conj/Hex       0%           75%         3
 Frozen Ramparts          Ice            0%           75%         3
 Gell's Gravitas          Tloc           0%           75%         3
 Lesser Beckoning         Tloc           0%           75%         3
 Ozocubu's Armour         Ice            0%           75%         3
 Portal Projectile        Hex/Tloc       0%           75%         3
 Spider Form              Tmut/Pois      0%           75%         3
 Stone Arrow              Conj/Erth      0%           75%         3
 Summon Guardian Golem    Hex/Summ       0%           75%         3
 Teleport Other           Tloc           0%           75%         3
 Tukima's Dance           Hex            0%           75%         3
 Vampiric Draining        Necr           0%           75%         3
 Bolt of Magma            Conj/Fire/Erth 6%           80%         5
 Starburst                Conj/Fire      9%           95%         6
 Animate Dead             Necr           0%           98%         4
 Cause Fear               Hex            0%           98%         4
 Fulminant Prism          Conj/Hex       0%           98%         4
 Hailstorm                Conj/Ice       0%           98%         4
 Ice Form                 Ice/Tmut       0%           98%         4
 Iskenderun's Mystic Bla  Conj/Tloc      0%           98%         4
 Leda's Liquefaction      Hex/Erth       0%           98%         4
 Passage of Golubria      Tloc           N/A          98%         4
 Petrify                  Tmut/Erth      0%           98%         4
 Summon Ice Beast         Ice/Summ       0%           98%         4
 Conjure Ball Lightning   Conj/Air       7%           99%         6
 Ignition                 Fire           18%          99%         8
 Agony                    Necr           0%           100%        5
 Alistair's Intoxication  Tmut/Pois      0%           100%        5
 Blade Hands              Tmut           0%           100%        5
 Borgnjor's Vile Clutch   Necr/Erth      0%           100%        5
 Irradiate                Conj/Tmut      0%           100%        5
 Lee's Rapid Deconstruct  Erth           0%           100%        5
 Metabolic Englaciation   Hex/Ice        0%           100%        5
 Summon Demon             Summ           0%           100%        5
 Summon Forest            Summ/Tloc      0%           100%        5
 Summon Mana Viper        Hex/Summ       0%           100%        5
 Yara's Violent Unravell  Hex/Tmut       0%           100%        5
 Death Channel            Necr           0%           100%        6
 Dispersal                Tloc           0%           100%        6
 Eringya's Noxious Bog    Tmut/Pois      0%           100%        6
 Freezing Cloud           Conj/Ice/Air   5%           100%        6
 Hydra Form               Tmut           0%           100%        6
 Invisibility             Hex            0%           100%        6
 Iron Shot                Conj/Erth      0%           100%        6
 Ozocubu's Refrigeration  Ice            0%           100%        6
 Shadow Creatures         Summ           N/A          100%        6
 Simulacrum               Ice/Necr       0%           100%        6
 Statue Form              Tmut/Erth      0%           100%        6
 Dragon Form              Tmut           0%           100%        7
 Spellforged Servitor     Conj/Summ      0%           100%        7
 Summon Hydra             Summ           0%           100%        7
 Chain Lightning          Conj/Air       7%           100%        8
 Discord                  Hex            0%           100%        8
 Disjunction              Tloc           0%           100%        8
 Dragon's Call            Summ           0%           100%        9
 Fire Storm               Conj/Fire      9%           100%        9
 Shatter                  Erth           0%           100%        9
 Tornado                  Air            15%          100%        9


Dungeon Overview and Level Annotations

Branches:
Dungeon (15/15)            Temple (0/1) D:5            Lair (6/6) D:11
  Swamp (4/4) Lair:2        Snake (4/4) Lair:2        Slime (5/5) Lair:6
    Orc (2/2) D:10            Elf (3/3) Orc:2        Vaults (5/5) D:14
  Crypt (3/3) Vaults:2       Tomb (0/3) Crypt:3      Depths (5/5) D:15
    Zot (5/5) Depths:5    Ossuary (visited)         Volcano (visited)
 WizLab (visited)

Altars:
Cheibriados
Gozag
Kikubaaqudgha
Makhleb
Nemelex Xobeh
Sif Muna
Wu Jian
Xom
Yredelemnul
Zin
The Shining One
Beogh
Jiyva

Shops:
D:7 ?*=*   D:11 :   Orc:1 (   Orc:2 !?[(   Elf:1 ?   Snake:1 !   Snake:2 *[
Snake:4 }}=   Vaults:3 ?   Vaults:4 [*}[   Depths:4 :   Depths:5 (

Portals:
Hell: Depths:1 Depths:2 Depths:3 Depths:4 Depths:5
Abyss: Depths:1 Depths:3 Depths:4
Pandemonium: Depths:3 Depths:5

Annotations:
D:7 , GOOD FLOOR
D:8 Swamp has probably new enemies
Lair:2 Get rCorr, read forums on updates.
Orc:2 Consider trident
Vaults:4 Abyss, Vaults, Slime


Innate Abilities, Weirdness & Mutations

You are small and have problems with some larger weapons.
You are completely attuned to the shadows.
Your skin changes colour to match your surroundings (Stealth+).
You are clumsy. (Dex -2)
Your flesh is very cold resistant. (rC++)
Armour fits poorly on your strangely shaped body.
Your body sometimes deteriorates upon taking damage.
You have an increased reservoir of magic. (+10% MP)
You expend magic power (3 MP) to strengthen your wands.


Message History

* * * LOW HITPOINT WARNING * * *
Unknown command.
Unknown command.
Unknown command.
Unknown command.
You feel better.
The Killer Klown karate-kicks you with a +12 club of freezing!
* * * LOW HITPOINT WARNING * * *
The Killer Klown barely misses you.
Unknown command.
Unknown command.
Unknown command.
You cannot cast spells when silenced!
Unknown command.
You feel better.
The Killer Klown slaps you with a +12 club of freezing!
* * * LOW HITPOINT WARNING * * *
The Killer Klown freezes you.
You die...
Your body glows with a rainbow of weird colours and disappears.

,,^,,,,,,,,,,,,,,,,,**,,,^,,,,,**
,^,,,,,,,,,,,,,,,,,,***,,,,,,,***
,,,,,,,,,,,,,,,,,,,,* ********* *
,,,,,,,,,,,,,,,,,,,** *
,,,,,,,,,,,,,,,,,***
,,,,,,,,,,,,,,****
^,,,,**▓▓▓▓▓▓▓▓▓▓▓#
,,,,,,,.....(§§p§p### #
,,,,,,,.......##@§..## ##
,,,,^^,........###...###########.
,,,,,,,.^..^....###..........^...
,,,,,,,.........# ##..........(..
,,,,,,,,,...^...# #.....).......
,,,,,,,,,X......# ##........^..#
,,,^,,,,,y......# #...........#
,,,,,,,,,......^# ##...........#
,,,,,,,,,.....^## #.......[.....


You could see 2 Killer Klowns.

Vanquished Creatures
  the Royal Jelly (Slime:5)
  3 orbs of fire
  Mennas (Vaults:5)
  Mara (Swamp:4)
  4 ancient liches
  2 juggernauts (Depths:4)
  A royal mummy (Crypt:3)
  Boris (Vaults:5)
  Vashnia (Snake:2)
  Saint Roka (Snake:3)
  3 Killer Klowns
  2 curse toes
  2 caustic shrikes (Depths:4)
  12 golden dragons
  Nikola (Snake:4)
  the Enchantress (Depths:5)
  A bone dragon (Abyss:4)
  A Hell Sentinel (WizLab)
  21 tentacled monstrosities
  Rupert (D:14)
  6 liches
  10 Orb Guardians (Zot:5)
  4 deep elf blademasters (Elf:3)
  A deep elf master archer (Elf:3)
  Asterion (Snake:3)
  18 acid blobs
  9 quicksilver dragons
  6 titans (Vaults:5)
  The ghost of ig87 the Severer, an adept FoFi of Yredelemnul (Swamp:3)
  2 tentacled starspawn (Abyss:4)
  6 death cobs
  6 ancient champions
  7 shadow dragons
  18 storm dragons
  3 revenants
  6 draconian monks
  The ghost of Name63 the Thaumaturge, an adept GnCj of Gozag (Swamp:3)
  The ghost of KleinerIrrer the Cloud Mage, an adept TeAE of Vehumet (Swamp:3)
  11 sphinxes
  A thorn hunter (Swamp:1)
  Roxanne (D:14)
  Donald (Snake:1)
  3 tengu reavers (Vaults:5)
  19 azure jellies
  6 frost giants
  4 fenstrider witches
  9 deep elf sorcerers
  10 nagarajas
  4 draconian knights
  6 fire giants
  17 vault wardens
  Louise (Swamp:1)
  3 ghost moths
  Aizul (Snake:3)
  5 draconian scorchers
  2 ghouls
  6 draconian shifters
  A curse skull (Crypt:2)
  2 balrugs
  A cacodemon (WizLab)
  A draconian annihilator (Zot:4)
  2 deep elf elementalists (Elf:3)
  3 iron dragons (Vaults:5)
  A reaper (Crypt:2)
  6 draconian stormcallers
  A caustic shrike skeleton (Depths:4)
  11 very ugly things
  2 spriggan defenders (Depths:4)
  17 ironheart preservers
  3 ophanim (Zig:7)
  8 green draconians
  27 stone giants
  4 apis (Zig:7)
  7 vampire knights
  8 deep elf annihilators
  9 black draconians
  A lorocyproca (WizLab)
  Azrael (D:15)
  13 purple draconians
  3 spark wasps
  11 bunyips
  2 entropy weavers
  4 deep elf demonologists
  13 red draconians
  12 yellow draconians
  11 white draconians
  13 deep elf death magi
  A crystal guardian (Vaults:2)
  2 eleionomae (Swamp:2)
  20 ettins
  5 eidola
  6 death oozes
  7 fire dragons
  A merfolk impaler (Depths:5)
  Snorg (D:14)
  5 jiangshi
  2 merfolk javelineers (Depths:5)
  3 green deaths
  A shambling mangrove (Swamp:1)
  5 mummy priests (Crypt:3)
  14 yaktaur captains
  Josephine (D:14)
  A blizzard demon (Abyss:4)
  5 deep elf high priests
  15 great orbs of eyes
  A rakshasa (Abyss:4)
  12 naga warriors
  9 boulder beetles
  38 vault guards
  18 hydras
  6 death knights
  9 ice dragons
  11 anacondas
  A hell beast (Swamp:4)
  2 ghost crabs
  A spectral fire giant (Crypt:3)
  7 spriggan air magi
  12 centaur warriors
  3 catoblepae
  18 ogre magi
  10 alligators
  52 two-headed ogres
  6 vampire magi
  A titan zombie (Depths:4)
  14 deep troll shamans
  31 dancing weapons
  16 death yaks
  3 hell hogs (Abyss:4)
  2 thrashing horrors (Swamp:4)
  9 deep troll earth magi
  6 spriggan berserkers
  2 tengu warriors
  17 naga sharpshooters
  8 shock serpents
  4 sun demons
  8 orc high priests
  3 soul eaters
  4 hell knights
  12 large abominations
  31 deep elf knights
  3 wretched stars
  3 fire crabs
  An iron troll (shapeshifter) (Depths:4)
  18 skeletal warriors
  A bunyip zombie (Crypt:3)
  A death drake (shapeshifter) (Depths:3)
  2 iron trolls
  A storm dragon skeleton (Vaults:5)
  2 spatial maelstroms (Abyss:5)
  3 unseen horrors
  6 goliath frogs
  A quicksilver dragon simulacrum (Crypt:3)
  6 salamander mystics
  33 deep trolls
  3 glowing orange brains
  3 spriggan druids
  19 bog bodies
  An anaconda zombie (Crypt:3)
  A cherub (Zig:7)
  7 swamp dragons
  2 shadow demons (WizLab)
  2 torturous demonspawn (Depths:3)
  11 phantasmal warriors
  3 naga ritualists
  22 starcursed masses (Abyss:4)
  16 deep elf archers
  2 obsidian statues
  8 flayed ghosts
  2 sphinx zombies
  11 mana vipers
  6 wizards
  18 ironbrand convokers
  15 orc knights
  9 harpies
  6 necromancers
  2 lindwurms
  60 deep elf magi
  An orb spider (shapeshifter) (Vaults:2)
  28 ugly things
  A stone giant zombie (Vaults:5)
  4 wolf spiders
  2 worldbinders
  6 orc sorcerers
  3 oklob plants
  4 will-o-the-wisps
  A faun (Depths:1)
  8 shining eyes
  2 fire giant zombies
  A manticore (shapeshifter) (Depths:2)
  5 manticores
  A frost giant zombie (Vaults:5)
  8 cyclopes
  An eleionoma skeleton (Crypt:3)
  50 black mambas
  2 apocalypse crabs (Abyss:4)
  16 moths of wrath
  25 elephants
  Maurice (D:8)
  22 salamanders
  A water nymph (shapeshifter) (Vaults:5)
  A stone giant skeleton (Crypt:3)
  An elephant (shapeshifter) (Vaults:5)
  2 molten gargoyles (Volcano)
  5 eyes of devastation
  4 gargoyles
  A cyclops (shapeshifter) (Vaults:4)
  A water nymph (Depths:1)
  A black mamba (shapeshifter) (Vaults:3)
  2 titan simulacra
  14 guardian serpents
  6 smoke demons
  18 vault sentinels
  21 naga magi
  A rime drake (shapeshifter) (Vaults:1)
  2 torpor snails (shapeshifter)
  2 dire elephant skeletons (Crypt:3)
  3 rime drakes
  Maggie (Lair:2)
  6 orange demons
  A yaktaur (shapeshifter) (Depths:2)
  A storm dragon simulacrum (Vaults:2)
  13 komodo dragons
  19 cane toads
  A white draconian zombie (Crypt:2)
  A komodo dragon (shapeshifter) (Elf:1)
  9 freezing wraiths
  64 yaktaurs
  A redback zombie (D:15)
  2 hellions
  An anaconda simulacrum (Crypt:3)
  A tormentor (Abyss:4)
  A silent spectre (Abyss:5)
  31 guardian mummies (Crypt:3)
  A troll (shapeshifter) (Vaults:3)
  5 ancient zymes
  A minotaur skeleton (Crypt:1)
  6 trolls
  4 tengu conjurers
  A meliai (shapeshifter) (Depths:2)
  6 polar bears
  97 slime creatures
  A wolf spider simulacrum (D:15)
  A fire dragon zombie (Crypt:3)
  8 tyrant leeches
  12 hornets
  A polar bear (shapeshifter) (Vaults:1)
  A queen bee (shapeshifter) (Depths:2)
  9 blink frogs
  An iron troll skeleton (Crypt:3)
  A harpy skeleton (Crypt:3)
  14 raiju
  An ettin zombie (Depths:1)
  A snapping turtle (Vaults:4)
  2 stone giant simulacra
  13 flying skulls
  2 dream sheep
  A human simulacrum (Vaults:5)
  A sphinx simulacrum (Depths:4)
  An ice dragon zombie (Crypt:3)
  A frost giant simulacrum (Vaults:2)
  2 air elementals
  3 shadows
  64 yaks
  14 wyverns
  2 ettin skeletons (Abyss:5)
  A tyrant leech zombie (Crypt:2)
  10 ushabtiu (Crypt:3)
  A yak (shapeshifter) (Elf:1)
  4 redbacks
  3 basilisks
  A fire bat (Vaults:2)
  10 spriggans
  13 wraiths
  Eustachio (D:6)
  6 ynoxinuls
  15 water elementals
  4 chaos spawn
  3 gnoll sergeants (D:7)
  2 vampires
  2 hogs (shapeshifter) (Vaults:2)
  10 golden eyes
  A fire elemental (Elf:2)
  A neqoxec (WizLab)
  9 vampire mosquitoes
  3 spectral cane toads (Lair:1)
  A death yak simulacrum (Lair:1)
  19 wargs
  80 nagas
  A water nymph zombie (Crypt:2)
  A monstrous demonspawn zombie (Crypt:3)
  19 swamp worms
  A soldier ant (D:15)
  33 water moccasins
  6 acid dragons
  3 soldier ants (shapeshifter)
  4 spatial vortices (Abyss:5)
  A cane toad zombie (Abyss:4)
  A floating eye (shapeshifter) (Depths:4)
  4 floating eyes
  5 hell hounds (D:15)
  36 orc warriors
  4 swamp drakes (Swamp:3)
  A faun skeleton (Crypt:2)
  5 ice beasts
  4 eyes of draining
  4 phantoms
  A hornet zombie (D:10)
  5 sky beasts
  5 black bears
  38 ogres
  4 necrophages (D:10)
  A deep troll simulacrum (Depths:1)
  7 wolves
  2 swamp dragon zombies
  6 small abominations
  A centaur (shapeshifter) (Depths:3)
  4 killer bees (D:7)
  A boggart (Vaults:2)
  19 centaurs
  A rime drake zombie (Crypt:2)
  4 big kobolds
  A dream sheep skeleton (Crypt:1)
  A big kobold (shapeshifter) (Vaults:2)
  A salamander zombie (Crypt:3)
  32 bullfrogs
  A wyvern zombie (Crypt:1)
  An earth elemental (Elf:1)
  2 wyvern skeletons
  4 scorpions
  2 troll zombies (D:10)
  9 wights
  6 howler monkeys
  An electric eel (Lair:2)
  3 bullfrog zombies
  2 human zombies
  3 jellies
  A lava snake (Volcano)
  5 quasits
  8 centaur zombies
  A bullfrog skeleton (D:4)
  7 hounds
  2 centaur skeletons
  41 orc priests
  Crazy Yiuf (D:7)
  3 gnoll shamans (D:7)
  2 iron imps
  3 iguanas
  27 orc wizards
  13 worker ants
  4 ogre zombies (D:10)
  2 big kobold zombies (Ossuary)
  A tengu zombie (Crypt:1)
  An ogre skeleton (Crypt:1)
  2 hound skeletons
  8 mummies
  2 worker ant zombies (D:5)
  A howler monkey skeleton (Crypt:2)
  12 adders
  30 gnolls
  A scorpion zombie (Crypt:3)
  2 shadow imps
  4 white imps
  An ooze (D:2)
  An adder zombie (D:6)
  An iguana zombie (Crypt:3)
  An adder skeleton (Crypt:2)
  6 leopard geckos
  125 orcs
  6 giant cockroaches
  2 gnoll zombies (Ossuary)
  8 hobgoblins
  31 jackals
  4 quokkas
  A river rat zombie (Crypt:3)
  4 ball pythons
  6 bats
  3 frilled lizards
  A giant cockroach zombie (D:5)
  6 goblin zombies
  A hobgoblin skeleton (D:10)
  3 hobgoblin zombies
  3 jackal zombies
  20 kobolds
  A leopard gecko skeleton (D:7)
  3 orc skeletons (D:10)
  10 orc zombies
  A quokka skeleton (D:4)
  3 rats
  A butterfly (Lair:6)
  A crawling corpse (Vaults:5)
  2 starspawn tentacles (Abyss:4)
2917 creatures vanquished.

Vanquished Creatures (collateral kills)
  A quicksilver dragon (Vaults:5)
  An acid blob (Slime:5)
  Gastronok (Lair:1)
  3 azure jellies (Slime:5)
  A draconian scorcher (Depths:5)
  A deep elf sorcerer (Elf:3)
  2 vault wardens
  An ironheart preserver (Vaults:3)
  2 spriggan defenders (Depths:4)
  A deep elf annihilator (Elf:3)
  A purple draconian (Depths:5)
  A deep elf death mage (Elf:3)
  2 death oozes
  The ghost of Purph the Cleaver, a journeyman MiBe of Trog (Lair:1)
  A boulder beetle (Vaults:4)
  A vault guard (Vaults:5)
  A two-headed ogre (Vaults:3)
  2 ogre magi
  A death knight (Vaults:3)
  A deep elf knight (Elf:3)
  The ghost of Allula97 the Slasher, a novice DsFi of Okawaru (D:7)
  A spectral hydra (Lair:1)
  A harpy (Vaults:4)
  2 ugly things
  A deep elf mage (Vaults:3)
  An ironbrand convoker (Vaults:5)
  A vault sentinel (Vaults:4)
  A large abomination (Vaults:5)
  9 yaktaurs
  A wolf spider simulacrum (D:15)
  A meliai (Vaults:3)
  4 slime creatures (Swamp:4)
  A raiju (shapeshifter) (Vaults:3)
  A spectral black mamba (Lair:1)
  A redback (Vaults:5)
  3 yaks (Lair:2)
  A spriggan (Depths:4)
  2 orc warriors
  A phantom (D:7)
  6 ogres
  A killer bee (D:7)
  A dream sheep simulacrum (Lair:1)
  An orc priest (D:6)
  A gnoll shaman (D:7)
  An orc wizard (D:7)
  3 gnolls (D:7)
  A white imp (D:6)
  2 orcs
  2 jackals (D:7)
79 creatures vanquished.

Vanquished Creatures (others)
  A green death (WizLab)
  An anaconda (Slime:4)
  A swamp dragon (Swamp:4)
  A wizard (Vaults:1)
  A naga mage (Snake:4)
  A black mamba (Snake:4)
  A tormentor (Abyss:4)
  4 bloated husks
  A raiju (Abyss:4)
  A slime creature (D:15)
  A naga (Snake:3)
  An ogre (D:15)
  A boggart (Vaults:2)
  A killer bee (Slime:4)
  An orc priest (Orc:2)
  An orc wizard (D:12)
  A kobold (D:11)
  3 ball lightnings (Slime:5)
  3 blocks of ice (Vaults:3)
  12 bushes (Lair:5)
  12 foxfires
  46 fungi
  88 plants
  4 starspawn tentacles (Abyss:4)
  5 withered plants (D:10)
193 creatures vanquished.

Grand Total: 3189 creatures vanquished

Notes
Turn   | Place    | Note
-------+----------+-------------------------------------------
     0 | D:1      | Amplified the Kobold Artificer began the quest for the Orb.
     0 | D:1      | Reached XP level 1. HP: 12/12 MP: 1/1
   268 | D:1      | Reached XP level 2. HP: 10/16 MP: 2/2
   458 | D:2      | Found a sparkling altar of Nemelex Xobeh.
   462 | D:2      | Became a worshipper of Nemelex Xobeh the Trickster
   947 | D:2      | Reached skill level 1 in Maces & Flails
   947 | D:2      | Reached XP level 3. HP: 21/21 MP: 3/3
  1373 | D:2      | Reached skill level 1 in Invocations
  1373 | D:2      | Reached XP level 4. HP: 22/27 MP: 4/4
  2280 | D:2      | Reached XP level 5. HP: 46/46 MP: 5/5
  2329 | D:3      | Reached * piety under Nemelex Xobeh
  2339 | D:3      | Received a gift from Nemelex Xobeh
  2506 | D:3      | Found a shimmering altar of Xom.
  2987 | D:3      | Found an ornate altar of the Wu Jian Council.
  3606 | D:4      | Found a burning altar of Makhleb.
  3608 | D:4      | Reached XP level 6. HP: 52/52 MP: 6/6
  3857 | D:4      | Found a sand-covered staircase.
  3999 | Ossuary  | Entered an ossuary
  3999 | Ossuary  | Reached ** piety under Nemelex Xobeh
  4381 | Ossuary  | Reached XP level 7. HP: 48/56 MP: 8/8
  5611 | D:5      | Entered Level 5 of the Dungeon
  6204 | D:5      | Reached XP level 8. HP: 62/62 MP: 9/9
  6662 | D:5      | Found an opulent altar of Gozag.
  6757 | D:5      | Found a staircase to the Ecumenical Temple.
  6899 | D:5      | Found a glowing golden altar of the Shining One.
  7007 | D:5      | Reached *** piety under Nemelex Xobeh
  8429 | D:6      | Reached XP level 9. HP: 57/68 MP: 11/11
  8757 | D:6      | Noticed Eustachio
  8764 | D:6      | Killed Eustachio
  9016 | D:6      | Received a gift from Nemelex Xobeh
  9292 | D:6      | Reached skill level 5 in Dodging
  9678 | D:7      | Found Riruli's Jewellery Shoppe.
  9698 | D:7      | Found Wisuyseu's Assorted Antiques.
  9703 | D:7      | Bought a pair of masterwork boots for 323 gold pieces
  9708 | D:7      | Identified the +2 pair of boots of the Armadillo {rN+ Will+
                  | Regen+} (You bought it in a shop on level 7 of the Dungeon)
  9939 | D:7      | Found a runed translucent door.
  9942 | D:7      | Noticed Crazy Yiuf
  9947 | D:7      | Killed Crazy Yiuf
 10024 | D:7      | Found Jinig's Assorted Antiques.
 10033 | D:7      | Bought a runed buckler for 210 gold pieces
 10044 | D:7      | Found a runed translucent gate.
 10044 | D:7      | Found a runed translucent gate.
 10044 | D:7      | Found a runed translucent gate.
 10187 | D:7      | Reached skill level 5 in Maces & Flails
 10217 | D:7      | Reached XP level 10. HP: 60/73 MP: 13/13
 10285 | D:7      | Reached skill level 1 in Shields
 10381 | D:7      | Found Repur's Magic Scroll Boutique.
 10547 | D:7      | Noticed Allula97's ghost (novice DsFi)
 10646 | D:8      | Noticed Maurice
 10662 | D:8      | Killed Maurice
 10837 | D:8      | Reached **** piety under Nemelex Xobeh
 10932 | D:8      | Received a gift from Nemelex Xobeh
 11391 | D:8      | Noticed a two-headed ogre
 11408 | D:8      | Killed a two-headed ogre
 11409 | D:8      | Reached skill level 5 in Invocations
 12025 | D:9      | Reached XP level 11. HP: 76/79 MP: 14/14
 12373 | D:9      | Received a gift from Nemelex Xobeh
 12494 | D:9      | Found a shimmering blue altar of Sif Muna.
 12675 | D:10     | Entered Level 10 of the Dungeon
 13016 | D:10     | Found a staircase to the Orcish Mines.
 13207 | D:10     | Received a gift from Nemelex Xobeh
 13601 | D:10     | Reached ***** piety under Nemelex Xobeh
 14460 | D:11     | Found Sehoidiv's Book Shoppe.
 14594 | D:11     | Noticed a two-headed ogre
 14608 | D:11     | Killed a two-headed ogre
 14609 | D:11     | Reached skill level 5 in Shields
 14948 | D:11     | Received a gift from Nemelex Xobeh
 14972 | D:11     | Found a staircase to the Lair.
 15446 | D:11     | Reached XP level 12. HP: 50/85 MP: 16/16
 15910 | D:7      | Bought a distressingly furry ring mail for 306 gold pieces
 15910 | D:7      | Identified the +1 ring mail "Dirat" {-Tele Str+2 Int+5}
                  | (You bought it in a shop on level 7 of the Dungeon)
 16222 | D:7      | Killed Allula97's ghost
 16320 | D:7      | Found a roughly hewn altar of Beogh.
 16404 | D:7      | Got a translucent helmet
 16405 | D:7      | Identified the cursed +0 helmet of Vemegucepe {rF+ Dex+2
                  | Slay+2} (You found it on level 7 of the Dungeon)
 16459 | D:12     | Noticed a centaur warrior
 16552 | Lair:1   | Entered Level 1 of the Lair of Beasts
 16552 | Lair:1   | Noticed Gastronok
 16553 | Lair:1   | Identified the -2 hand axe of Mayhem {vorpal, *Noise Will+
                  | Str+2}
 16554 | Lair:1   | Identified the +0 quarterstaff "Puthaclu" {vamp, rPois
                  | Str+5}
 16558 | Lair:1   | Killed Gastronok
 16792 | Lair:1   | Received a gift from Nemelex Xobeh
 16816 | Lair:1   | Noticed an eight-headed hydra
 16828 | Lair:1   | Killed an eight-headed hydra
 17140 | Lair:1   | Received a gift from Nemelex Xobeh
 17141 | Lair:1   | Found a runed translucent gate.
 17141 | Lair:1   | Found a runed translucent gate.
 17142 | Lair:1   | Found a runed translucent gate.
 17458 | Lair:1   | Reached skill level 1 in Armour
 17476 | Lair:1   | Noticed Purph's ghost (journeyman MiBe)
 17502 | Lair:1   | Killed Purph's ghost
 17557 | Lair:2   | Noticed Maggie
 17569 | Lair:2   | Killed Maggie
 17770 | Lair:2   | Reached XP level 13. HP: 91/91 MP: 18/18
 17834 | Lair:2   | Received a gift from Nemelex Xobeh
 17839 | Lair:2   | Noticed Urug
 17842 | Lair:2   | Noticed Urug
 17842 | Lair:2   | Urug changed into Urug the lindwurm
 17847 | Lair:2   | Killed Urug the lindwurm
 17867 | Lair:2   | Found a dark tunnel.
 17873 | Volcano  | Entered a volcano
 17931 | Volcano  | Found a burning altar of Makhleb.
 17973 | Volcano  | Reached skill level 10 in Maces & Flails
 18043 | Volcano  | Noticed a red draconian
 18062 | Volcano  | Killed a red draconian
 18398 | Lair:2   | Found a staircase to the Swamp.
 18497 | Lair:2   | Reached skill level 15 in Fighting
 18497 | Lair:2   | Reached skill level 5 in Armour
 18530 | Lair:2   | Found a staircase to the Snake Pit.
 18645 | Lair:2   | Noticed a boulder beetle
 18687 | Lair:2   | Killed a boulder beetle
 19359 | Lair:3   | Noticed a four-headed hydra
 19364 | Lair:3   | Killed a four-headed hydra
 19365 | Lair:3   | Reached XP level 14. HP: 72/98 MP: 20/20
 19454 | Lair:3   | Received a gift from Nemelex Xobeh
 20902 | Lair:4   | Reached ****** piety under Nemelex Xobeh
 20902 | Lair:4   | Received a gift from Nemelex Xobeh
 21554 | Lair:5   | Received a gift from Nemelex Xobeh
 21665 | Lair:5   | Received a gift from Nemelex Xobeh
 21741 | Lair:5   | Reached skill level 10 in Invocations
 22151 | Lair:5   | Reached XP level 15. HP: 90/103 MP: 22/22
 22591 | Lair:6   | Entered Level 6 of the Lair of Beasts
 22718 | Lair:6   | Received a gift from Nemelex Xobeh
 23052 | Lair:6   | Found a staircase to the Slime Pits.
 23053 | Lair:6   | Found a viscous altar of Jiyva.
 23789 | Lair:6   | Reached XP level 16. HP: 75/110 MP: 24/24
 24144 | Lair:6   | Identified a scroll of acquirement
 24144 | Lair:6   | Acquired the +5 buckler of the Arcane {Will+}
 24437 | D:7      | Bought the ring of Equilibrium {+Fly rF+ Str+6} for 617
                  | gold pieces
 24591 | Orc:1    | Entered Level 1 of the Orcish Mines
 25041 | D:12     | Received a gift from Nemelex Xobeh
 25753 | D:13     | Found a basalt altar of Yredelemnul.
 25983 | D:13     | Reached skill level 10 in Armour
 25989 | D:13     | Got an ichor-stained helmet
 25990 | D:13     | Identified the cursed +0 helmet "Leoju" {Harm} (You found
                  | it on level 13 of the Dungeon)
 26128 | D:13     | Found the +8 arc blade {discharge, rElec}
 26140 | D:13     | Noticed a storm dragon
 26169 | D:13     | Killed a storm dragon
 26625 | D:13     | Received a gift from Nemelex Xobeh
 26814 | D:14     | Noticed Snorg
 26823 | D:14     | Noticed Josephine
 27221 | D:14     | Noticed Rupert
 27232 | D:14     | Killed Rupert
 27428 | D:14     | Identified the +5 mace of Uncomfortable Rashes {antimagic,
                  | +Rage Str+2 Dex-5 Stlth+}
 27444 | D:14     | Killed Josephine
 27487 | D:14     | Noticed Roxanne
 27533 | D:14     | Found a gate to the Vaults.
 28105 | D:14     | Received a gift from Nemelex Xobeh
 28328 | D:14     | Reached skill level 1 in Air Magic
 28359 | D:15     | Entered Level 15 of the Dungeon
 28376 | D:15     | Reached XP level 17. HP: 115/116 MP: 25/25
 28659 | Orc:2    | Entered Level 2 of the Orcish Mines
 28892 | Orc:1    | Found Alahush's Weapon Shop.
 28976 | Orc:2    | Found a staircase to the Elven Halls.
 28995 | Orc:2    | Received a gift from Nemelex Xobeh
 29250 | Orc:2    | Found Ablurovou's Armour Boutique.
 29343 | Orc:2    | Bought a +2 pair of gloves of dexterity for 236 gold pieces
 29507 | Orc:2    | Found Ruwubrun's Distillery.
 29516 | Orc:2    | Found Baxtol's Magic Scroll Emporium.
 29602 | Orc:2    | Found a roughly hewn altar of Beogh.
 29618 | Orc:2    | Received a gift from Nemelex Xobeh
 29909 | Orc:2    | Found Qoikkash's Weapon Emporium.
 30200 | Orc:1    | Received a gift from Nemelex Xobeh
 30232 | Orc:1    | Reached skill level 10 in Dodging
 30554 | D:7      | Bought an uncursed amulet of regeneration for 420 gold
                  | pieces
 30794 | Snake:1  | Entered Level 1 of the Snake Pit
 30971 | Snake:1  | Reached skill level 5 in Air Magic
 31162 | Snake:1  | Noticed Donald
 31199 | Snake:1  | Killed Donald
 31663 | Snake:1  | Found Iloch's Distillery.
 31668 | Snake:1  | Bought a potion of heal wounds for 70 gold pieces
 31668 | Snake:1  | Bought a potion of resistance for 140 gold pieces
 31668 | Snake:1  | Bought a potion of curing for 42 gold pieces
 32045 | Swamp:1  | Entered Level 1 of the Swamp
 32191 | Snake:2  | Reached skill level 1 in Short Blades
 32516 | Snake:2  | Found Jileit's General Store.
 32518 | Snake:2  | Found Huhemouz's Antique Armour Shoppe.
 32626 | Snake:2  | Reached skill level 5 in Short Blades
 32650 | Snake:2  | Noticed Vashnia
 32660 | Snake:3  | Received a gift from Nemelex Xobeh
 32839 | Snake:3  | Noticed Aizul
 32840 | Snake:3  | Reached XP level 18. HP: 123/123 MP: 26/26
 32858 | Snake:3  | Killed Aizul
 33005 | Snake:3  | Reached skill level 10 in Air Magic
 33343 | Snake:3  | Noticed Asterion
 33359 | Snake:3  | Killed Asterion
 33409 | Snake:3  | Noticed Saint Roka
 33545 | Snake:3  | Killed Saint Roka
 34292 | Snake:4  | Entered Level 4 of the Snake Pit
 34452 | Snake:4  | Received a gift from Nemelex Xobeh
 34541 | Snake:4  | Reached skill level 10 in Short Blades
 34948 | Snake:4  | Noticed Nikola
 34969 | Snake:4  | Killed Nikola
 35159 | Snake:4  | Reached XP level 19. HP: 37/128 MP: 27/27
 35633 | Snake:4  | Identified the +1 leather armour "Wimp" {rCorr Int-4 Dex+7
                  | Slay-5}
 36435 | Snake:4  | Found Liniucalom's Gadget Emporium.
 36435 | Snake:4  | Found Orikoyt's Gadget Emporium.
 36436 | Snake:4  | Found Fuebri's Jewellery Boutique.
 36589 | Snake:4  | Got a serpentine rune of Zot
 36868 | Snake:2  | Killed Vashnia
 37232 | Snake:2  | Received a gift from Nemelex Xobeh
 37751 | Elf:1    | Entered Level 1 of the Elven Halls
 37969 | Elf:1    | Reached skill level 15 in Short Blades
 38125 | Elf:1    | Received a gift from Nemelex Xobeh
 38718 | Elf:1    | Found Epyoff's Magic Scroll Shoppe.
 38723 | Elf:1    | Bought a scroll of acquirement for 572 gold pieces
 38723 | Elf:1    | Bought a scroll of teleportation for 33 gold pieces
 38723 | Elf:1    | Acquired a +5 eveningstar of draining
 38790 | Elf:1    | Received a gift from Nemelex Xobeh
 39095 | Elf:2    | Reached XP level 20. HP: 130/137 MP: 28/28
 39143 | Elf:2    | Found a runed translucent gate.
 39143 | Elf:2    | Found a runed translucent gate.
 39143 | Elf:2    | Found a runed translucent gate.
 39253 | Elf:2    | Found an ancient bone altar of Kikubaaqudgha.
 39611 | Elf:2    | Received a gift from Nemelex Xobeh
 39690 | Elf:3    | Entered Level 3 of the Elven Halls
 40290 | Swamp:1  | Noticed Louise
 40311 | Swamp:1  | Killed Louise
 40727 | Swamp:1  | Identified the +8 war axe of the Pits of Slime {drain,
                  | +Rage rN+ Str+5} (You found it on level 1 of the Swamp)
 40929 | Swamp:1  | Received a gift from Nemelex Xobeh
 41992 | Swamp:2  | Received a gift from Nemelex Xobeh
 42303 | Swamp:3  | Noticed a tentacled monstrosity
 42324 | Swamp:3  | Killed a tentacled monstrosity
 42719 | Swamp:3  | Received a gift from Nemelex Xobeh
 43041 | Swamp:3  | Found a runed translucent gate.
 43042 | Swamp:3  | Found a runed translucent gate.
 43043 | Swamp:3  | Found a runed translucent gate.
 43053 | Swamp:3  | Noticed ig87's ghost (adept FoFi)
 43054 | Swamp:3  | Noticed KleinerIrrer's ghost (adept TeAE)
 43062 | Swamp:3  | Noticed Name63's ghost (adept GnCj)
 43090 | Swamp:3  | Killed KleinerIrrer's ghost
 43090 | Swamp:3  | Killed Name63's ghost
 43091 | Swamp:3  | Reached XP level 21. HP: 101/144 MP: 29/29
 43093 | Swamp:3  | Killed ig87's ghost
 43282 | Swamp:4  | Entered Level 4 of the Swamp
 43432 | Swamp:4  | Noticed Mara
 43436 | Swamp:4  | Noticed Amplified's illusion
 43712 | Vaults:1 | Entered Level 1 of the Vaults
 43811 | Vaults:1 | Received a gift from Nemelex Xobeh
 44176 | Vaults:1 | Reached skill level 15 in Maces & Flails
 44804 | Vaults:1 | Received a gift from Nemelex Xobeh
 45344 | Vaults:1 | Received a gift from Nemelex Xobeh
 46034 | Vaults:2 | Got a faintly glowing kite shield
 46035 | Vaults:2 | Identified the +3 kite shield of Ytuo {rC- Dex+6} (You
                  | found it on level 2 of the Vaults)
 46407 | Vaults:2 | Received a gift from Nemelex Xobeh
 46680 | Snake:2  | Bought a fine chain mail for 266 gold pieces
 46680 | Snake:2  | Identified the +1 chain mail of the World {+Inv rElec rF++
                  | Int+2} (You bought it in a shop on level 2 of the Snake
                  | Pit)
 47070 | Vaults:2 | Reached XP level 22. HP: 125/150 MP: 30/30
 47341 | Vaults:2 | Found a staircase to the Crypt.
 48564 | Vaults:3 | Reached skill level 5 in Evocations
 48843 | Vaults:3 | Found Mytudabo's Magic Scroll Boutique.
 48860 | Vaults:3 | Bought a scroll of teleportation for 51 gold pieces
 48860 | Vaults:3 | Bought a scroll of teleportation for 51 gold pieces
 48860 | Vaults:3 | Bought a scroll of enchant weapon for 127 gold pieces
 48860 | Vaults:3 | Bought a scroll of enchant weapon for 127 gold pieces
 48860 | Vaults:3 | Bought a scroll of fear for 59 gold pieces
 48860 | Vaults:3 | Bought a scroll of blinking for 127 gold pieces
 49150 | Vaults:3 | Got a scorched wooden ring
 49151 | Vaults:3 | Identified the ring of the Lizard {+Fly rPois rC- MP+9
                  | Str+5} (You found it on level 3 of the Vaults)
 49487 | Vaults:3 | Received a gift from Nemelex Xobeh
 50081 | Vaults:3 | You fall into a shaft and drop 1 floor!
 50158 | Vaults:4 | Received a gift from Nemelex Xobeh
 50380 | Vaults:4 | Found Uhenn's Antique Armour Emporium.
 50430 | Vaults:4 | Reached XP level 23. HP: 132/156 MP: 32/32
 50522 | Vaults:4 | Found Mogudocu's Gadget Boutique.
 50570 | Vaults:4 | Received a gift from Nemelex Xobeh
 50625 | Vaults:4 | Found a portal to a secret trove of treasure.
 50908 | Vaults:4 | Found Poroej's Armour Emporium.
 51115 | Vaults:4 | Received a gift from Nemelex Xobeh
 51410 | Vaults:4 | Found Luockolu's Assorted Antiques.
 51414 | Vaults:4 | Bought a potion of heal wounds for 105 gold pieces
 51426 | Vaults:4 | Bought a wand of digging (5) for 168 gold pieces
 51862 | Vaults:4 | Gained mutation: You do not regenerate when monsters are
                  | visible. [a shining eye]
 51890 | Vaults:4 | Lost mutation: You do not regenerate when monsters are
                  | visible. [potion of mutation]
 51890 | Vaults:4 | Gained mutation: Your body sometimes deteriorates upon
                  | taking damage. [potion of mutation]
 51890 | Vaults:4 | Gained mutation: You are partially covered in yellow
                  | scales. (AC +2) [potion of mutation]
 51984 | Vaults:4 | Identified the Compendium of Weightlessness and Arcane
                  | Weapons
 53128 | D:14     | Killed Snorg
 53206 | D:14     | Killed Roxanne
 53250 | D:15     | Reached skill level 15 in Dodging
 53325 | D:15     | Found a snail-covered altar of Cheibriados.
 53504 | D:15     | Identified the ring of Sumotykle {Fire *Corrode rPois
                  | Str+4}
 53504 | D:15     | Noticed Azrael
 53516 | D:15     | Killed Azrael
 53532 | D:15     | Received a gift from Nemelex Xobeh
 53578 | D:15     | Found a transporter.
 53685 | D:15     | Found a shimmering altar of Xom.
 53820 | D:15     | Identified the +9 chain mail of Duty {rPois MP+9 Int+3}
                  | (You found it on level 15 of the Dungeon)
 53909 | D:15     | Got a heavily runed wooden ring
 53910 | D:15     | Identified the ring "Woamue" {Wiz rC+} (You found it on
                  | level 15 of the Dungeon)
 53922 | D:15     | Reached skill level 10 in Evocations
 53980 | D:15     | Paralysed by a floating eye for 2 turns
 54094 | D:15     | Got a scintillating iron ring
 54105 | D:15     | Found a staircase to the Depths.
 54129 | D:15     | Found a transporter.
 54212 | D:15     | Identified the ring of Ychumekal {Str+4 Int+6} (You found
                  | it on level 15 of the Dungeon)
 54234 | D:15     | Found a glowing silver altar of Zin.
 54378 | D:15     | Received a gift from Nemelex Xobeh
 54663 | Depths:1 | Entered Level 1 of the Depths
 54663 | Depths:1 | Found a one-way gate to the infinite horrors of the Abyss.
 54978 | Elf:3    | Reached XP level 24. HP: 164/164 MP: 33/33
 55481 | Elf:3    | Got a twisted robe
 55492 | Elf:3    | Identified the cursed +0 robe "Nuprupole" {Str+5} (You
                  | found it on level 3 of the Elven Halls)
 55596 | Elf:3    | Got a coiled jade ring
 55600 | Elf:3    | Got a brightly glowing steel ring
 55634 | Elf:3    | Identified the ring of Plog {rPois rC+++ Int-2 Slay+3} (You
                  | found it on level 3 of the Elven Halls)
 55635 | Elf:3    | Identified the ring "Yhewad" {rElec rC+ rN+ Str+3 Stlth+}
                  | (You found it on level 3 of the Elven Halls)
 55652 | Elf:3    | Got a fine rapier
 55665 | Elf:3    | Identified the +8 rapier of Disorder {pain, rN+++ Will-
                  | Dex+5} (You found it on level 3 of the Elven Halls)
 55705 | Elf:3    | Identified the ring of Qumin {rElec rC+ MP+9}
 55749 | Elf:3    | Got a faintly humming robe
 55782 | Elf:3    | Got a masterwork dagger
 55782 | Elf:3    | Identified the +5 dagger of the Crypt {freeze, rN+ Will+}
                  | (You found it on level 3 of the Elven Halls)
 55878 | Elf:3    | Received a gift from Nemelex Xobeh
 56248 | Elf:3    | Identified the +4 rapier of Animal Spirits {speed, *Corrode
                  | Will++}
 56317 | Elf:3    | Reached skill level 15 in Invocations
 56834 | Elf:2    | Received a gift from Nemelex Xobeh
 57706 | Swamp:4  | Reached XP level 25. HP: 161/172 MP: 34/34
 57729 | Swamp:4  | Killed Mara
 57939 | Swamp:4  | Received a gift from Nemelex Xobeh
 58143 | Swamp:4  | Got a decaying rune of Zot
 58552 | Depths:1 | Got a fine trident
 58589 | Depths:1 | Identified the +1 robe "Omaehasa" {rElec Dex+3} (You found
                  | it on level 3 of the Elven Halls)
 59069 | Depths:1 | Found a gateway to Hell.
 59078 | Depths:1 | Received a gift from Nemelex Xobeh
 59858 | Depths:2 | Received a gift from Nemelex Xobeh
 60110 | Depths:2 | Identified the +8 hunting sling of the Screaming Fox
                  | {vorpal, rElec Dex+4} (You found it on level 2 of the
                  | Depths)
 60733 | Depths:2 | Received a gift from Nemelex Xobeh
 61527 | Depths:3 | Reached XP level 26. HP: 78/180 MP: 35/35
 61823 | Depths:3 | Identified the Grimoire of the Birds and Fire
 62035 | Depths:3 | Found a one-way gate leading to the halls of Pandemonium.
 62130 | Depths:3 | Received a gift from Nemelex Xobeh
 62641 | Depths:4 | Received a gift from Nemelex Xobeh
 62761 | Depths:4 | Found a gateway to a ziggurat.
 62802 | Depths:4 | Reached skill level 15 in Evocations
 63448 | Depths:4 | Noticed the Enchantress
 63463 | Depths:4 | Noticed a juggernaut
 63465 | Depths:4 | Identified the -1 trident of Fragile Peace {flame, rN+
                  | Str-2 Stlth+}
 63474 | Depths:5 | Entered Level 5 of the Depths
 63492 | Depths:5 | Killed the Enchantress
 63584 | Depths:5 | Found a magical portal.
 63588 | Depths:5 | Identified the +3 demon trident "Pofaggau" {venom, +Fly
                  | Str-2 Stlth+}
 63787 | Depths:5 | Found a gate to the Realm of Zot.
 63891 | Depths:5 | Found a flickering gateway to a bazaar.
 63900 | Bazaar   | Entered a bazaar
 63907 | Bazaar   | Found Xuwna's Antique Weapon Shoppe.
 63918 | Bazaar   | Found Tapse's Antique Weapon Emporium.
 63933 | Bazaar   | Found Liekhloo's Antique Armour Shoppe.
 63944 | Bazaar   | Found Okkilov's Antique Armour Emporium.
 63965 | Bazaar   | Bought a transparent plate armour for 420 gold pieces
 63965 | Bazaar   | Bought a bloodstained plate armour for 420 gold pieces
 63965 | Bazaar   | Bought the +3 warlock's mirror {reflect} for 600 gold
                  | pieces
 63965 | Bazaar   | Found the +3 warlock's mirror {reflect}
 63975 | Bazaar   | Bought a brightly glowing ring mail for 252 gold pieces
 63975 | Bazaar   | Bought a polished plate armour for 784 gold pieces
 63975 | Bazaar   | Identified the +6 ring mail "Qisotoaq" {Harm *Drain rPois}
                  | (You bought it in a shop in a bazaar)
 64034 | WizLab   | Entered Doroklohe's Tomb
 64049 | WizLab   | Received a gift from Nemelex Xobeh
 64273 | WizLab   | Reached XP level 27. HP: 155/186 MP: 35/35
 64344 | WizLab   | Found the +5 robe of Misfortune {*Contam Harm *Corrode
                  | *Drain *Slow EV+5}
 64604 | Depths:5 | Identified the +8 plate armour of Dramatic Exits {rF+
                  | Regen+ Str+4 Dex-2} (You bought it in a shop in a bazaar)
 64684 | Depths:5 | Received a gift from Nemelex Xobeh
 65184 | Depths:5 | Found Gaysmoa's Antique Weapon Shop.
 65634 | Depths:4 | Received a gift from Nemelex Xobeh
 65648 | Depths:4 | You fall into a shaft and drop 1 floor!
 65806 | Depths:4 | Killed a juggernaut
 65815 | Depths:4 | Reached skill level 15 in Armour
 66072 | Depths:4 | Found Saos's Book Boutique.
 66457 | Depths:4 | Received a gift from Nemelex Xobeh
 66631 | Depths:4 | Noticed a juggernaut
 66647 | Depths:4 | Killed a juggernaut
 66722 | Depths:4 | Gained mutation: You are dopey. (Int -2) [a shining eye]
 66968 | Depths:4 | Identified the cursed +0 plate armour of Intercession
                  | {rPois rF+ Regen+ Int+4 Dex-2 SInv} (You bought it in a
                  | shop in a bazaar)
 66979 | Depths:4 | Identified the +8 plate armour "Vos Taw" {Harm *Corrode
                  | Str+2} (You bought it in a shop in a bazaar)
 67203 | Crypt:1  | Entered Level 1 of the Crypt
 67504 | Crypt:3  | Entered Level 3 of the Crypt
 69094 | Crypt:3  | Identified the +7 spear "Punt" {vorpal, rElec Str+3 Dex+5}
 69094 | Crypt:3  | Identified the amulet "Rusyonown" {*Drain rElec rN++ Regen+
                  | Stlth+}
 69094 | Crypt:3  | Noticed a royal mummy
 69252 | Crypt:3  | Killed a royal mummy
 69252 | Crypt:3  | HP: 9/182 [something (20)]
 69258 | Crypt:3  | Identified the ring "Hociddos" {+Inv rF+ Int+2}
 69375 | Crypt:3  | Found a staircase to the Tomb.
 70288 | Crypt:3  | Identified Sif Muna's Disquisition on Cold and the Escort
 70292 | Crypt:3  | Got an ancient copper ring
 70293 | Crypt:3  | Identified the ring of the Visionary {rN+ Will+ SInv} (You
                  | found it on level 3 of the Crypt)
 70308 | Crypt:3  | Got a bound platinum ring
 70310 | Crypt:3  | Got a faintly glowing bone ring
 70311 | Crypt:3  | Identified the ring "Ethacucy" {rF+ rN+ Int+4} (You found
                  | it on level 3 of the Crypt)
 70312 | Crypt:3  | Identified the ring of Disaster {Dex+4 Stlth+} (You found
                  | it on level 3 of the Crypt)
 70558 | Crypt:2  | Received a gift from Nemelex Xobeh
 71591 | Crypt:1  | Received a gift from Nemelex Xobeh
 72291 | Depths:1 | Voluntarily entered the Abyss.
 72308 | Abyss:1  | Got a warped plate armour
 72319 | Abyss:2  | Identified the +13 plate armour "Toargh" {Dex+4} (You found
                  | it on level 1 of the Abyss)
 72550 | Abyss:4  | Received a gift from Nemelex Xobeh
 72825 | Abyss:4  | Found a corrupted altar of Lugonu.
 73030 | Abyss:4  | Paralysed by you for 6 turns
 73042 | Abyss:4  | Paralysed by accursed screaming for 1 turns
 73106 | Abyss:5  | Entered Level 5 of the Abyss
 73251 | Abyss:5  | Received a gift from Nemelex Xobeh
 73289 | Abyss:5  | Learned a level 2 spell: Passwall
 73315 | Abyss:5  | Got an abyssal rune of Zot
 73323 | Depths:1 | Escaped the Abyss
 73442 | Zot:1    | Entered Level 1 of the Realm of Zot
 73863 | Slime:1  | Entered Level 1 of the Pits of Slime
 74227 | Slime:3  | Reached skill level 2 in Stealth
 74278 | Slime:3  | Reached skill level 3 in Stealth
 74313 | Slime:4  | Received a gift from Nemelex Xobeh
 74321 | Slime:4  | Reached skill level 4 in Stealth
 74602 | Slime:5  | Entered Level 5 of the Pits of Slime
 74611 | Slime:5  | Gained mutation: You are occasionally teleported next to
                  | monsters. [a shining eye]
 74612 | Slime:5  | Gained mutation: Your body often deteriorates upon taking
                  | damage. [a shining eye]
 74626 | Slime:5  | Gained mutation: Armour fits poorly on your strangely
                  | shaped body. [a shining eye]
 74635 | Slime:5  | Reached skill level 5 in Stealth
 74779 | Slime:5  | Noticed the Royal Jelly
 74784 | Slime:5  | Reached skill level 6 in Stealth
 75181 | Slime:4  | Received a gift from Nemelex Xobeh
 75240 | Slime:3  | Reached skill level 7 in Stealth
 75566 | Slime:5  | Reached skill level 8 in Stealth
 75722 | Slime:5  | Lost mutation: You are occasionally teleported next to
                  | monsters. [potion of mutation]
 75722 | Slime:5  | Lost mutation: Your body often deteriorates upon taking
                  | damage. [potion of mutation]
 75722 | Slime:5  | Gained mutation: You are covered in fur. (AC +1) [potion of
                  | mutation]
 75722 | Slime:5  | Gained mutation: Your muscles are strong. (Str +2) [potion
                  | of mutation]
 75723 | Slime:5  | Lost mutation: Your body sometimes deteriorates upon taking
                  | damage. [potion of mutation]
 75723 | Slime:5  | Lost mutation: Your muscles are strong. (Str +2) [potion of
                  | mutation]
 75723 | Slime:5  | Lost mutation: You are covered in fur. (AC +1) [potion of
                  | mutation]
 75723 | Slime:5  | Gained mutation: You are weak. (Str -2) [potion of
                  | mutation]
 75723 | Slime:5  | Gained mutation: You are very dopey. (Int -4) [potion of
                  | mutation]
 75723 | Slime:5  | Gained mutation: You are robust. (+10% HP) [potion of
                  | mutation]
 75733 | Slime:5  | Lost mutation: You are weak. (Str -2) [potion of mutation]
 75733 | Slime:5  | Lost mutation: You are partially covered in yellow scales.
                  | (AC +2) [potion of mutation]
 75733 | Slime:5  | Gained mutation: Your body sometimes deteriorates upon
                  | taking damage. [potion of mutation]
 75733 | Slime:5  | Gained mutation: You tend to lose your temper in combat.
                  | [potion of mutation]
 75733 | Slime:5  | Gained mutation: You have sharp toenails. [potion of
                  | mutation]
 75734 | Slime:5  | Lost mutation: You tend to lose your temper in combat.
                  | [potion of mutation]
 75734 | Slime:5  | Lost mutation: Your body sometimes deteriorates upon taking
                  | damage. [potion of mutation]
 75734 | Slime:5  | Lost mutation: You are robust. (+10% HP) [potion of
                  | mutation]
 75734 | Slime:5  | Gained mutation: You have a pair of small horns on your
                  | head. [potion of mutation]
 75734 | Slime:5  | Gained mutation: You have razor-sharp toenails. [potion of
                  | mutation]
 75734 | Slime:5  | Gained mutation: Your skin changes colour to match your
                  | surroundings (Stealth+). [potion of mutation]
 75734 | Slime:5  | Gained mutation: You have an increased reservoir of magic.
                  | (+10% MP) [potion of mutation]
 75735 | Slime:5  | Lost mutation: You are very dopey. (Int -4) [potion of
                  | mutation]
 75735 | Slime:5  | Lost mutation: Armour fits poorly on your strangely shaped
                  | body. [potion of mutation]
 75735 | Slime:5  | Lost mutation: You are dopey. (Int -2) [potion of mutation]
 75735 | Slime:5  | Lost mutation: You have razor-sharp toenails. [potion of
                  | mutation]
 75735 | Slime:5  | Gained mutation: Your spells are a little harder to cast,
                  | but a little more powerful. [potion of mutation]
 75735 | Slime:5  | Gained mutation: Your flesh is cold resistant. (rC+)
                  | [potion of mutation]
 75735 | Slime:5  | Gained mutation: Your flesh is very cold resistant. (rC++)
                  | [potion of mutation]
 75736 | Slime:5  | Lost mutation: Your spells are a little harder to cast, but
                  | a little more powerful. [potion of mutation]
 75736 | Slime:5  | Lost mutation: You have a pair of small horns on your head.
                  | [potion of mutation]
 75736 | Slime:5  | Lost mutation: You have sharp toenails. [potion of
                  | mutation]
 75736 | Slime:5  | Gained mutation: You expend magic power (3 MP) to
                  | strengthen your wands. [potion of mutation]
 75769 | Slime:5  | Found a viscous altar of Jiyva.
 76228 | Slime:5  | Killed the Royal Jelly
 76369 | Slime:5  | Identified the Tome of Clay
 76375 | Slime:5  | Got a slimy rune of Zot
 76377 | Slime:5  | Got a warped jade ring
 76384 | Slime:5  | Got an ichor-stained crystal plate armour
 76462 | Slime:5  | Identified the Almanac of Glacial Bewitchment
 76477 | Slime:5  | Identified the +2 crystal plate armour "Kyeduadd" {*Contam
                  | Regen+ Str+10} (You found it on level 5 of the Pits of
                  | Slime)
 76482 | Slime:5  | Identified the ring "Gemogirph" {+Blink Str+2 Stlth-} (You
                  | found it on level 5 of the Pits of Slime)
 76896 | Vaults:5 | Entered Level 5 of the Vaults
 77025 | Vaults:5 | Reached skill level 9 in Stealth
 77216 | Vaults:5 | Noticed an ancient lich
 77231 | Vaults:5 | Killed an ancient lich
 77357 | Vaults:5 | Learned a level 3 spell: Mephitic Cloud
 77404 | Vaults:5 | Reached skill level 10 in Stealth
 77517 | Vaults:5 | Reached skill level 11 in Stealth
 77667 | Vaults:5 | Received a gift from Nemelex Xobeh
 77720 | Vaults:5 | Reached skill level 12 in Stealth
 77850 | Vaults:5 | Reached skill level 13 in Stealth
 77947 | Vaults:5 | Reached skill level 14 in Stealth
 78089 | Vaults:5 | Reached skill level 15 in Stealth
 78400 | Vaults:5 | Noticed Mennas
 78455 | Vaults:5 | Reached skill level 16 in Stealth
 78550 | Vaults:5 | Noticed an ancient lich
 78555 | Vaults:5 | Killed an ancient lich
 78567 | Vaults:5 | Noticed Boris
 78577 | Vaults:5 | Killed Boris
 78578 | Vaults:5 | Reached skill level 17 in Stealth
 78684 | Vaults:5 | Reached skill level 18 in Stealth
 79000 | Vaults:5 | Identified the +0 long sword of Wura {freeze, Will- Str+6}
 79004 | Vaults:5 | Identified the +0 trident of the Distant Future {flame, rF+
                  | rC+ Will+}
 79024 | Vaults:5 | Reached skill level 19 in Stealth
 79412 | Vaults:5 | Identified the amulet of the Forgotten Dances {RegenMP rC-
                  | rN++}
 79478 | Vaults:4 | Reached skill level 20 in Stealth
 79684 | Vaults:5 | Killed Mennas
 79884 | Vaults:5 | Identified the Tome of Virous Translocation
 80003 | Vaults:5 | Identified the +1 great sword of Fate {drain, Stlth+}
 80085 | Vaults:5 | Reached skill level 21 in Stealth
 80089 | Vaults:5 | Identified the ring of Naimp {Ice rN+}
 80144 | Vaults:5 | Got a silver rune of Zot
 80406 | Vaults:5 | Reached skill level 1 in Polearms
 80647 | Depths:4 | Learned a level 2 spell: Blink
 80653 | Depths:4 | Learned a level 5 spell: Silence
 80654 | Zig:1    | Entered Level 1 of a ziggurat
 80677 | Zig:2    | Entered Level 2 of a ziggurat
 80699 | Zig:3    | Entered Level 3 of a ziggurat
 80743 | Zig:4    | Entered Level 4 of a ziggurat
 80749 | Zig:4    | Noticed an ancient lich
 80773 | Zig:4    | Killed an ancient lich
 80844 | Zig:5    | Entered Level 5 of a ziggurat
 80997 | Zig:6    | Entered Level 6 of a ziggurat
 80997 | Zig:6    | Received a gift from Nemelex Xobeh
 81086 | Zig:7    | Entered Level 7 of a ziggurat
 81137 | Zig:7    | Identified Sotod's Catalogue of Congealing Evil Arts
 81146 | Zig:7    | Got a twisted morningstar
 81297 | Depths:5 | Reached skill level 10 in Polearms
 82082 | Zot:1    | Received a gift from Nemelex Xobeh
 82209 | Zot:1    | Reached skill level 22 in Stealth
 82640 | Zot:2    | Received a gift from Nemelex Xobeh
 82819 | Zot:2    | You fall into a shaft and drop 2 floors!
 82819 | Zot:4    | Received a gift from Nemelex Xobeh
 82836 | Zot:4    | Reached skill level 23 in Stealth
 83153 | Zot:4    | Reached skill level 24 in Stealth
 83228 | Zot:3    | Noticed an orb of fire
 83242 | Zot:3    | Gained mutation: Armour fits poorly on your strangely
                  | shaped body. [an orb of fire]
 83249 | Zot:3    | Killed an orb of fire
 83815 | Vaults:4 | You paid a toll of +5 fire dragon scales to enter a
                  | treasure trove
 83816 | Trove    | Entered a treasure trove
 83833 | Trove    | Identified Sif Muna's Volume of Harmful Dislocation
 83897 | Vaults:4 | Acquired a +0 cloak of willpower
 84483 | Zot:3    | Reached skill level 25 in Stealth
 84782 | Zot:4    | Reached skill level 26 in Stealth
 84838 | Zot:4    | Received a gift from Nemelex Xobeh
 85128 | Zot:4    | Noticed a Killer Klown
 85150 | Zot:4    | Killed a Killer Klown
 85261 | Zot:4    | Reached skill level 27 in Stealth
 85713 | Zot:5    | Entered Level 5 of the Realm of Zot
 85740 | Zot:3    | Reached skill level 1 in Fire Magic
 85815 | Zot:5    | Reached skill level 5 in Fire Magic
 85907 | Zot:5    | Got a clouded ivory ring
 85908 | Zot:5    | Identified the ring of Awkuwixt {Str+6 Int+7} (You found it
                  | on level 5 of the Realm of Zot)
 86375 | Zot:5    | Reached skill level 10 in Fire Magic
 86522 | Zot:5    | Received a gift from Nemelex Xobeh
 86550 | Zot:5    | Noticed an orb of fire
 86555 | Zot:5    | Noticed an orb of fire
 87239 | Zot:5    | Noticed a Killer Klown
 87270 | Zot:5    | Killed a Killer Klown
 87305 | Zot:5    | Noticed an ancient lich
 87311 | Zot:5    | Noticed a Killer Klown
 87320 | Zot:5    | Killed an ancient lich
 87349 | Zot:5    | Killed a Killer Klown
 87481 | Zot:5    | Noticed an orb of fire
 87529 | Zot:5    | Gained mutation: You are clumsy. (Dex -2) [an orb of fire]
 87533 | Zot:5    | Noticed a Killer Klown
 87542 | Zot:5    | Noticed a Killer Klown
 87544 | Zot:5    | Killed an orb of fire
 87558 | Zot:5    | Gained mutation: Your body sometimes deteriorates upon
                  | taking damage. [an orb of fire]
 87562 | Zot:5    | Killed an orb of fire
 87563 | Zot:5    | Reached skill level 15 in Fire Magic
 87571 | Zot:5    | HP: 7/192 [Killer Klown/+12 club of freezing (17)]
 87572 | Zot:5    | HP: 1/192 [Killer Klown/+12 club of freezing (13)]
 87572 | Zot:5    | Slain by a Killer Klown

Illustrated notes

Levels and vault maps discovered:
D:1:      nzn_arrival_depleted_hourglass, layout_rooms
D:2:      layout_basic, nemelex_xobeh_ov_fountains_minmay
D:3:      layout_basic, general_overflow_altar, marbit_many_paths,
          hangedman_decor_push
D:4:      layout_basic, makhleb_grotto_becter, enter_ossuary_3
D:5:      layout_loops_corners, nicolae_overflow_crystal_walls,
          lemuel_round_altar, minmay_temple_entry_overgrown
D:6:      layout_loops_ring, uniq_eustachio
D:7:      layout_cave_pools, biasface_ghost_orc_armoury, serial_gnoll_camp,
          gnoll_camp_huts_basic, gnoll_camp_medium_02, gnoll_camp_mini_house,
          gnoll_camp_mini_hut, serial_shops, shop, shop, nicolae_shop_crystal,
          kennysheep_mini, uniq_crazy_yiuf_cottage
D:8:      layout_loops_ring, serial_rivers, chequers_serial_rivers_room_b,
          chequers_serial_rivers_small_b, chequers_serial_rivers_micro_a,
          chequers_serial_rivers_large_b, uniq_maurice
D:9:      layout_roguey, kennysheep_little_box
D:10:     layout_stronghold, zombieorc1_lemuel, serial_undead, serial_undead_e,
          serial_undead_b, serial_undead_d, serial_undead_d, serial_undead_b,
          serial_undead_f, serial_undead_f, serial_undead_b
D:11:     layout_loops_corners, lair_entry_dummy, serial_shops,
          nicolae_shop_statue_plus
D:12:     layout_long_grid, minmay_misc_feat_tower
D:13:     minmay_shoctagon, layout_rooms, basic_altar
D:14:     layout_basic, lightli_vaults_fourway_checkpoint, serial_rivers,
          chequers_serial_rivers_small_b, chequers_serial_rivers_micro_c,
          chequers_serial_rivers_micro_d, chequers_serial_rivers_large_a,
          kb_rosetta, uniq_snorg, uniq_roxanne, uniq_josephine, uniq_rupert
D:15:     hangedman_spin_cycle
Lair:1:   layout_roguey, gammafunk_ghost_necromancy, uniq_gastronok
Lair:2:   nzn_winding_woodlands_three_and_one [nzn_winding_woodlands_5x15_eye,
          nzn_winding_woodlands_5x15_crooked,
          nzn_winding_woodlands_5x15_sawtooth,
          nzn_winding_woodlands_center_pierced_h], layout_chaotic_city,
          nicolae_swamp_entry_splash_gauntlet, guppyfry_snake_entry_island,
          nicolae_volcano_entry_lava_flow, minivault_25,
          infiniplex_staircase_pool_2, minmay_lair_oklob_chamber, uniq_maggie,
          uniq_urug
Lair:3:   layout_roguey
Lair:4:   layout_roguey, beast_lair_carwin_4
Lair:5:   layout_loops_ring, serial_forest, infiniplex_forest_clump_double,
          infiniplex_forest_lined_3_way, infiniplex_forest_end_2,
          infiniplex_forest_end_1, infiniplex_forest_clump_tiny,
          serial_bayou_shore_b, serial_bayou_shore_b
Lair:6:   hangedman_lair_tendril_chambers, layout_concentric_octagons,
          slime_altar_1, hangedman_lair_generics_rect, lemuel_fruit_fields
Swamp:1:  layout_basic_swamp, nicolae_swamp_feature_on_the_river_bank,
          swamp_pool3, uniq_louise
Swamp:2:  layout_basic_swamp, nicolae_swamp_rocky_clearing, swamp_pool1,
          nicolae_swamp_very_dense_foliage
Swamp:3:  layout_basic_swamp, gammafunk_ghost_cemetery,
          infiniplex_staircase_pool, swamp_pool5
Swamp:4:  swamp_vile, layout_basic_swamp, uniq_mara
Snake:1:  layout_onion_interference, serial_shops, shop_statue, uniq_donald
Snake:2:  layout_onion_interference, serial_bayou_shore_b, minmay_shop_star,
          grunt_megastairs_2, uniq_vashnia
Snake:3:  layout_honeycomb, uniq_aizul, uniq_asterion, uniq_saint_roka
Snake:4:  johnstein_snake_rune_scales, layout_chambers, st_stairs_6,
          lemuel_fruit_tree, minmay_shop_grove, uniq_nikola
Slime:1:  layout_caves
Slime:2:  layout_caves, nicolae_slime_welcoming_committee
Slime:3:  cheibrodos_slime_lost_civilization_8, layout_caves,
          cheibrodos_slime_lost_civilization_5
Slime:4:  layout_caves
Slime:5
Orc:1:    layout_diamond_mine, serial_shops, shop
Orc:2:    st_orc_town, layout_diamond_mine
Elf:1:    layout_loops_ring, serial_shops, shop, hangedman_corner_corridor
Elf:2:    layout_geoelf_diagonals, basic_altar
Elf:3:    minmay_elf_hall, layout_loops_cross, minivault_26
Vaults:1: ontoclasm_vaults_bender, v_pattern_4, nicolae_vaults_statue_guard,
          ontoclasm_vaults_tryst, hangedman_vaults_snaps,
          ontoclasm_vaults_hangar, v_misc_12, vaults_room_large_hall,
          nicolae_vaults_network_s, v_misc_23, layout_vaults_omnigrid
Vaults:2: hangedman_vaults_slice, nicolae_vaults_little_squares_1,
          v_alt_pattern_6, st_spiral_rooms, ontoclasm_vaults_twist,
          hangedman_vaults_nodes, ontoclasm_vaults_ring_square,
          minmay_crypt_entry_simple_walls, nicolae_vaults_theta,
          nicolae_vaults_border_crossing, v_rooms_3, hangedman_vaults_locks,
          v_misc_22, ontoclasm_vaults_pinch, layout_vaults_maze_bifur
Vaults:3: nicolae_vaults_yaktaur_gun_rack, nicolae_vaults_what_the_h,
          st_more_cells, v_misc_23, nicolae_vaults_disjoint_gnomons,
          nicolae_vaults_network_star, hangedman_vaults_impose,
          vaults_room_door_ring, hangedman_vaults_capsules, grunt_vaults_twisty,
          vaults_dpeg_hooks, hangedman_vaults_corner_blocks,
          vaults_mumra_chevron_long, vaults_dpeg_spiral,
          nicolae_vaults_rhombus_5, layout_vaults_omnibox, serial_shops,
          shop_fountains
Vaults:4: hangedman_vaults_stream, grunt_vaults_diagonal, v_rooms_5, v_misc_8,
          v_misc_28, v_misc_29, vaults_mumra_hexcomb,
          nicolae_vaults_mini_display_case, serial_ice_b,
          layout_vaults_chaotic_city, serial_shops, nicolae_shop_behind_doors,
          nicolae_shop_crystal, nicolae_shop_stone, nicolae_shop_crystal,
          enter_trove_6
Vaults:5: serial_shops, uniq_boris, uniq_mennas
Crypt:1:  layout_basic, grunt_crypt_arrival_webbed
Crypt:2:  layout_chaotic_city
Crypt:3:  due_elkab, layout_chaotic_city, nicolae_tomb_entry_rubble_hallway,
          hangedman_weighted_door
Depths:1: layout_long_grid, pf_hell_entry_tar_spiral, abyss_entry,
          roderic_lattice_a, nzn_random_ring
Depths:2: minmay_ornate_pinched, layout_basic, lightli_too_deep
Depths:3: hangedman_cross_cluster, layout_cave_pools,
          infiniplex_staircase_pillars_2, abyss_entry, rand_demon_pan_entry_3,
          hell_entry, uniq_margery
Depths:4: minmay_bad_star, layout_honeycomb, enter_ziggurat_a,
          grunt_hell_entry_dis_mu, abandoned_shop,
          nicolae_abyss_entry_one_way_or_another, hangedman_decor_riveting,
          hangedman_abyss_or_decor_lesser_grid, kennysheep_small_circle,
          infiniplex_staircase_diamond, uniq_enchantress
Depths:5: grunt_zot_entry_alcove, layout_gridville, serial_shops, bzr_firewalk,
          shop, mu_enter_wizlab_4, pan_entry, hangedman_decor_slide_cut,
          hell_entry, grunt_decor_cap, serial_bayou_lagoon_b,
          serial_bayou_shore_a
Zot:1:    layout_twisted_circle, evilmike_ambush [evilmike_ambush_outer_doors,
          evilmike_ambush_inner_basic]
Zot:2:    layout_gridville
Zot:3:    layout_gridlike, skrybe_zot_glass_1
Zot:4:    layout_concentric_octagons
Zot:5:    layout_gridlike, grunt_ministairs_11, st_stairs_13

Skill      XL: |  1  2  3  4  5  6  7  8  9 10 11 12 13 14 15 16 17 18 19 20 21 22 23 24 25 26 27 |
---------------+----------------------------------------------------------------------------------+-----
Maces & Flails | 1 2 3 4 5 6 8 9 10 12 13 14 15 16 | 16.0
Fighting       | 2 12 13 14 15 16 17 18 19 20 21 22 24 | 24.8
Invocations    | 1 2 3 4 5 6 7 9 10 11 13 14 15 16 17 19 | 19.5
Dodging        | 3 4 5 9 10 11 12 13 14 15 16 17 18 | 18.9
Shields        | 3 5 6 |  6.7
Armour         | 2 5 7 9 10 11 12 13 14 15 | 15.9
Air Magic      | 1 9 13 | 13.0
Short Blades   | 6 11 15 | 15.1
Evocations     | 7 10 12 14 15 18 | 18.3
Stealth        | 27 | 27.0
Polearms       | 12 | 12.6
Fire Magic     | 15 | 15.1

Action                   |  1- 3 |  4- 6 |  7- 9 | 10-12 | 13-15 | 16-18 | 19-21 | 22-24 | 25-27 || total
-------------------------+-------+-------+-------+-------+-------+-------+-------+-------+-------++-------
Melee: Mace              |    22 |       |       |       |       |       |       |       |       ||    22
       Club              |     3 |       |       |       |       |       |       |       |       ||     3
       Flail             |    34 |   137 |   175 |       |       |       |       |       |       ||   346
       Morningstar       |       |       |   207 |     1 |       |       |       |       |       ||   208
       Whip              |       |       |       |   848 |  1273 |  1403 |       |       |       ||  3524
       Rapier            |       |       |       |       |       |   603 |   515 |       |       ||  1118
       Eveningstar       |       |       |       |       |       |       |  1050 |  1565 |  3602 ||  6217
       Lance             |       |       |       |       |       |       |       |       |  1107 ||  1107
       Sacred scourge    |       |       |       |       |       |       |       |       |    44 ||    44
Throw: Throwing net      |       |       |       |       |     4 |     2 |       |       |     9 ||    15
       Dart              |       |       |       |       |       |    13 |     8 |       |    19 ||    40
 Cast: Passwall          |       |       |       |       |       |       |       |       |     2 ||     2
       Blink             |       |       |       |       |       |       |       |       |     1 ||     1
Invok: Draw Destruction  |       |     4 |     3 |     8 |     9 |    17 |    46 |    46 |    95 ||   228
       Draw Escape       |       |       |     2 |       |       |     1 |     3 |     7 |    28 ||    41
       Draw Summoning    |       |       |     1 |     5 |       |     5 |       |    20 |    21 ||    52
       Triple Draw       |       |       |       |       |       |       |     1 |       |       ||     1
Evoke: Wand              |     8 |    12 |    23 |    15 |    17 |     2 |       |     1 |    28 ||   106
       Lightning rod     |       |       |       |       |       |       |       |     1 |     2 ||     3
       Phantom mirror    |       |       |       |       |       |       |       |       |     1 ||     1
  Use: Potion            |     1 |     1 |     4 |     6 |     6 |     9 |    13 |     4 |    41 ||    85
       Scroll            |     1 |     7 |    11 |    11 |     5 |    12 |    24 |    16 |    64 ||   151
 Stab: Sleeping          |     7 |     7 |    12 |    16 |    11 |    14 |       |       |    39 ||   106
       Confused          |       |       |     2 |       |       |       |     1 |       |     1 ||     4
       Distracted        |       |       |     2 |     5 |     5 |     3 |       |     6 |    39 ||    60
       Paralysed         |       |       |     4 |     3 |     9 |       |       |     3 |     3 ||    22
       Petrifying        |       |       |     1 |       |       |       |       |     1 |     1 ||     3
       Held in net/web   |       |       |       |       |     4 |     4 |       |       |     6 ||    14
       Petrified         |       |       |       |       |       |     3 |       |     1 |     3 ||     7
Armor: Leather armour    |    16 |    24 |    64 |   145 |       |       |       |       |       ||   249
       Skin              |       |       |     1 |    16 |       |       |       |       |       ||    17
       Swamp dragon scal |       |       |       |    18 |   281 |   157 |       |       |       ||   456
       Storm dragon scal |       |       |       |       |       |   239 |   396 |       |       ||   635
       Chain mail        |       |       |       |       |       |       |     4 |   431 |   684 ||  1119
       Acid dragon scale |       |       |       |       |       |       |       |       |   373 ||   373
Dodge: Dodged            |    54 |   106 |   336 |   413 |   554 |   767 |   646 |   643 |  2843 ||  6362
Block: Buckler           |       |       |    15 |   219 |   306 |   860 |   745 |   716 |  2337 ||  5198
